%YAML 1.1
%TAG !u! tag:unity3d.com,2011:
--- !u!1 &8458986154653676574
GameObject:
  m_ObjectHideFlags: 0
  m_CorrespondingSourceObject: {fileID: 0}
  m_PrefabInstance: {fileID: 0}
  m_PrefabAsset: {fileID: 0}
  serializedVersion: 6
  m_Component:
  - component: {fileID: 8458986154653676573}
  m_Layer: 0
  m_Name: AttackPoint 1
  m_TagString: Untagged
  m_Icon: {fileID: 0}
  m_NavMeshLayer: 0
  m_StaticEditorFlags: 0
  m_IsActive: 1
--- !u!4 &8458986154653676573
Transform:
  m_ObjectHideFlags: 0
  m_CorrespondingSourceObject: {fileID: 0}
  m_PrefabInstance: {fileID: 0}
  m_PrefabAsset: {fileID: 0}
  m_GameObject: {fileID: 8458986154653676574}
  m_LocalRotation: {x: 0, y: 0, z: 0, w: 1}
  m_LocalPosition: {x: 2, y: 0, z: 0}
  m_LocalScale: {x: 1, y: 1, z: 1}
  m_ConstrainProportionsScale: 0
  m_Children: []
  m_Father: {fileID: 8458986155296628065}
  m_RootOrder: 0
  m_LocalEulerAnglesHint: {x: 0, y: 0, z: 0}
--- !u!1 &8458986154714803440
GameObject:
  m_ObjectHideFlags: 0
  m_CorrespondingSourceObject: {fileID: 0}
  m_PrefabInstance: {fileID: 0}
  m_PrefabAsset: {fileID: 0}
  serializedVersion: 6
  m_Component:
  - component: {fileID: 8458986154714803447}
  m_Layer: 0
  m_Name: Ground Point
  m_TagString: Untagged
  m_Icon: {fileID: 3306451490063965843, guid: 0000000000000000d000000000000000, type: 0}
  m_NavMeshLayer: 0
  m_StaticEditorFlags: 0
  m_IsActive: 1
--- !u!4 &8458986154714803447
Transform:
  m_ObjectHideFlags: 0
  m_CorrespondingSourceObject: {fileID: 0}
  m_PrefabInstance: {fileID: 0}
  m_PrefabAsset: {fileID: 0}
  m_GameObject: {fileID: 8458986154714803440}
  m_LocalRotation: {x: 0, y: 0, z: 0, w: 1}
  m_LocalPosition: {x: 0.2, y: -1.28, z: 0}
  m_LocalScale: {x: 1, y: 1, z: 1}
  m_ConstrainProportionsScale: 0
  m_Children: []
  m_Father: {fileID: 8458986155296628065}
  m_RootOrder: 2
  m_LocalEulerAnglesHint: {x: 0, y: 0, z: 0}
--- !u!1 &8458986154906094275
GameObject:
  m_ObjectHideFlags: 0
  m_CorrespondingSourceObject: {fileID: 0}
  m_PrefabInstance: {fileID: 0}
  m_PrefabAsset: {fileID: 0}
  serializedVersion: 6
  m_Component:
  - component: {fileID: 8458986154906094274}
  m_Layer: 0
  m_Name: Martial 2
  m_TagString: Untagged
  m_Icon: {fileID: 0}
  m_NavMeshLayer: 0
  m_StaticEditorFlags: 0
  m_IsActive: 1
--- !u!4 &8458986154906094274
Transform:
  m_ObjectHideFlags: 0
  m_CorrespondingSourceObject: {fileID: 0}
  m_PrefabInstance: {fileID: 0}
  m_PrefabAsset: {fileID: 0}
  m_GameObject: {fileID: 8458986154906094275}
  m_LocalRotation: {x: 0, y: 0, z: 0, w: 1}
  m_LocalPosition: {x: 0, y: 0, z: 0}
  m_LocalScale: {x: 1, y: 1, z: 1}
  m_ConstrainProportionsScale: 0
  m_Children:
  - {fileID: 8458986155296628065}
  - {fileID: 1509268092689880854}
  m_Father: {fileID: 0}
  m_RootOrder: 0
  m_LocalEulerAnglesHint: {x: 0, y: 0, z: 0}
--- !u!1 &8458986154911692073
GameObject:
  m_ObjectHideFlags: 0
  m_CorrespondingSourceObject: {fileID: 0}
  m_PrefabInstance: {fileID: 0}
  m_PrefabAsset: {fileID: 0}
  serializedVersion: 6
  m_Component:
  - component: {fileID: 8458986154911692072}
  m_Layer: 0
  m_Name: AttackPoint 2
  m_TagString: Untagged
  m_Icon: {fileID: 0}
  m_NavMeshLayer: 0
  m_StaticEditorFlags: 0
  m_IsActive: 1
--- !u!4 &8458986154911692072
Transform:
  m_ObjectHideFlags: 0
  m_CorrespondingSourceObject: {fileID: 0}
  m_PrefabInstance: {fileID: 0}
  m_PrefabAsset: {fileID: 0}
  m_GameObject: {fileID: 8458986154911692073}
  m_LocalRotation: {x: 0, y: 0, z: 0, w: 1}
  m_LocalPosition: {x: 1.58, y: 0.51, z: 0}
  m_LocalScale: {x: 1, y: 1, z: 1}
  m_ConstrainProportionsScale: 0
  m_Children: []
  m_Father: {fileID: 8458986155296628065}
  m_RootOrder: 1
  m_LocalEulerAnglesHint: {x: 0, y: 0, z: 0}
--- !u!1 &8458986155215854400
GameObject:
  m_ObjectHideFlags: 0
  m_CorrespondingSourceObject: {fileID: 0}
  m_PrefabInstance: {fileID: 0}
  m_PrefabAsset: {fileID: 0}
  serializedVersion: 6
  m_Component:
  - component: {fileID: 8458986155215854407}
  m_Layer: 0
  m_Name: List Item
  m_TagString: ListItemOfPlayer
  m_Icon: {fileID: 0}
  m_NavMeshLayer: 0
  m_StaticEditorFlags: 0
  m_IsActive: 1
--- !u!4 &8458986155215854407
Transform:
  m_ObjectHideFlags: 0
  m_CorrespondingSourceObject: {fileID: 0}
  m_PrefabInstance: {fileID: 0}
  m_PrefabAsset: {fileID: 0}
  m_GameObject: {fileID: 8458986155215854400}
  m_LocalRotation: {x: 0, y: 0, z: 0, w: 1}
  m_LocalPosition: {x: 0, y: 0, z: 0}
  m_LocalScale: {x: 1, y: 1, z: 1}
  m_ConstrainProportionsScale: 0
  m_Children: []
  m_Father: {fileID: 8458986155296628065}
  m_RootOrder: 3
  m_LocalEulerAnglesHint: {x: 0, y: 0, z: 0}
--- !u!1 &8458986155296628067
GameObject:
  m_ObjectHideFlags: 0
  m_CorrespondingSourceObject: {fileID: 0}
  m_PrefabInstance: {fileID: 0}
  m_PrefabAsset: {fileID: 0}
  serializedVersion: 6
  m_Component:
  - component: {fileID: 8458986155296628065}
  - component: {fileID: 8458986155296628066}
  - component: {fileID: 8458986155296628070}
  - component: {fileID: 8458986155296628071}
  - component: {fileID: 8458986155296628064}
  - component: {fileID: 8458986155296627992}
  - component: {fileID: 8458986155296627993}
  - component: {fileID: 8458986155296627994}
  - component: {fileID: 8458986155296627995}
  - component: {fileID: 8458986155296628068}
  - component: {fileID: 8458986155296628069}
  - component: {fileID: 8458986155296627999}
  m_Layer: 7
  m_Name: Martial 2 Body
  m_TagString: Untagged
  m_Icon: {fileID: 0}
  m_NavMeshLayer: 0
  m_StaticEditorFlags: 0
  m_IsActive: 1
--- !u!4 &8458986155296628065
Transform:
  m_ObjectHideFlags: 0
  m_CorrespondingSourceObject: {fileID: 0}
  m_PrefabInstance: {fileID: 0}
  m_PrefabAsset: {fileID: 0}
  m_GameObject: {fileID: 8458986155296628067}
  m_LocalRotation: {x: 0, y: 0, z: 0, w: 1}
  m_LocalPosition: {x: 0, y: 0, z: 0}
  m_LocalScale: {x: 1, y: 1, z: 1}
  m_ConstrainProportionsScale: 0
  m_Children:
  - {fileID: 8458986154653676573}
  - {fileID: 8458986154911692072}
  - {fileID: 8458986154714803447}
  - {fileID: 8458986155215854407}
  m_Father: {fileID: 8458986154906094274}
  m_RootOrder: 0
  m_LocalEulerAnglesHint: {x: 0, y: 0, z: 0}
--- !u!212 &8458986155296628066
SpriteRenderer:
  m_ObjectHideFlags: 0
  m_CorrespondingSourceObject: {fileID: 0}
  m_PrefabInstance: {fileID: 0}
  m_PrefabAsset: {fileID: 0}
  m_GameObject: {fileID: 8458986155296628067}
  m_Enabled: 1
  m_CastShadows: 0
  m_ReceiveShadows: 0
  m_DynamicOccludee: 1
  m_StaticShadowCaster: 0
  m_MotionVectors: 1
  m_LightProbeUsage: 1
  m_ReflectionProbeUsage: 1
  m_RayTracingMode: 0
  m_RayTraceProcedural: 0
  m_RenderingLayerMask: 1
  m_RendererPriority: 0
  m_Materials:
  - {fileID: 10754, guid: 0000000000000000f000000000000000, type: 0}
  m_StaticBatchInfo:
    firstSubMesh: 0
    subMeshCount: 0
  m_StaticBatchRoot: {fileID: 0}
  m_ProbeAnchor: {fileID: 0}
  m_LightProbeVolumeOverride: {fileID: 0}
  m_ScaleInLightmap: 1
  m_ReceiveGI: 1
  m_PreserveUVs: 0
  m_IgnoreNormalsForChartDetection: 0
  m_ImportantGI: 0
  m_StitchLightmapSeams: 1
  m_SelectedEditorRenderState: 0
  m_MinimumChartSize: 4
  m_AutoUVMaxDistance: 0.5
  m_AutoUVMaxAngle: 89
  m_LightmapParameters: {fileID: 0}
  m_SortingLayerID: 0
  m_SortingLayer: 0
  m_SortingOrder: 0
  m_Sprite: {fileID: -448386576, guid: a95c3756615a65146af8593eeab7e752, type: 3}
  m_Color: {r: 1, g: 1, b: 1, a: 1}
  m_FlipX: 0
  m_FlipY: 0
  m_DrawMode: 0
  m_Size: {x: 0.33, y: 0.56}
  m_AdaptiveModeThreshold: 0.5
  m_SpriteTileMode: 0
  m_WasSpriteAssigned: 1
  m_MaskInteraction: 0
  m_SpriteSortPoint: 0
--- !u!95 &8458986155296628070
Animator:
  serializedVersion: 5
  m_ObjectHideFlags: 0
  m_CorrespondingSourceObject: {fileID: 0}
  m_PrefabInstance: {fileID: 0}
  m_PrefabAsset: {fileID: 0}
  m_GameObject: {fileID: 8458986155296628067}
  m_Enabled: 1
  m_Avatar: {fileID: 0}
  m_Controller: {fileID: 9100000, guid: e11f0369cb68f5542aa3468333eebd42, type: 2}
  m_CullingMode: 0
  m_UpdateMode: 0
  m_ApplyRootMotion: 0
  m_LinearVelocityBlending: 0
  m_StabilizeFeet: 0
  m_WarningMessage: 
  m_HasTransformHierarchy: 1
  m_AllowConstantClipSamplingOptimization: 1
  m_KeepAnimatorStateOnDisable: 0
--- !u!61 &8458986155296628071
BoxCollider2D:
  m_ObjectHideFlags: 0
  m_CorrespondingSourceObject: {fileID: 0}
  m_PrefabInstance: {fileID: 0}
  m_PrefabAsset: {fileID: 0}
  m_GameObject: {fileID: 8458986155296628067}
  m_Enabled: 1
  m_Density: 1
  m_Material: {fileID: 0}
  m_IsTrigger: 0
  m_UsedByEffector: 0
  m_UsedByComposite: 0
  m_Offset: {x: 0.19999999, y: -0.12}
  m_SpriteTilingProperty:
    border: {x: 0, y: 0, z: 0, w: 0}
    pivot: {x: 0.5, y: 0.5}
    oldSize: {x: 1.5, y: 2.5454545}
    newSize: {x: 0.33, y: 0.56}
    adaptiveTilingThreshold: 0.5
    drawMode: 0
    adaptiveTiling: 0
  m_AutoTiling: 0
  serializedVersion: 2
  m_Size: {x: 1, y: 2.3}
  m_EdgeRadius: 0
--- !u!50 &8458986155296628064
Rigidbody2D:
  serializedVersion: 4
  m_ObjectHideFlags: 0
  m_CorrespondingSourceObject: {fileID: 0}
  m_PrefabInstance: {fileID: 0}
  m_PrefabAsset: {fileID: 0}
  m_GameObject: {fileID: 8458986155296628067}
  m_BodyType: 0
  m_Simulated: 1
  m_UseFullKinematicContacts: 0
  m_UseAutoMass: 0
  m_Mass: 1
  m_LinearDrag: 0
  m_AngularDrag: 0.05
  m_GravityScale: 1
  m_Material: {fileID: 0}
  m_Interpolate: 0
  m_SleepingMode: 1
  m_CollisionDetection: 0
  m_Constraints: 0
--- !u!114 &8458986155296627992
MonoBehaviour:
  m_ObjectHideFlags: 0
  m_CorrespondingSourceObject: {fileID: 0}
  m_PrefabInstance: {fileID: 0}
  m_PrefabAsset: {fileID: 0}
  m_GameObject: {fileID: 8458986155296628067}
  m_Enabled: 1
  m_EditorHideFlags: 0
  m_Script: {fileID: 11500000, guid: 86c01a61ccdda9942a1ebfe60ca58771, type: 3}
  m_Name: 
  m_EditorClassIdentifier: 
  _moveSpeed: 6
  _jumpForce: 10
  _maxHP: 50
  _currentHP: 50
  _thrustForce: {x: 0, y: 0}
  thrustForce: {fileID: 0}
  _antiThrustForce: {x: 0, y: 0}
  antiThrustForce: {fileID: 0}
  _timeHurt: 0
  _attackSpeed: 2
  _attackDamage: 10
  _rateCritical: 0
  _coin: 0
  died: 0
--- !u!114 &8458986155296627993
MonoBehaviour:
  m_ObjectHideFlags: 0
  m_CorrespondingSourceObject: {fileID: 0}
  m_PrefabInstance: {fileID: 0}
  m_PrefabAsset: {fileID: 0}
  m_GameObject: {fileID: 8458986155296628067}
  m_Enabled: 1
  m_EditorHideFlags: 0
  m_Script: {fileID: 11500000, guid: 797d3386af75aa44a8f069974119a032, type: 3}
  m_Name: 
  m_EditorClassIdentifier: 
  thePM: {fileID: 0}
--- !u!114 &8458986155296627994
MonoBehaviour:
  m_ObjectHideFlags: 0
  m_CorrespondingSourceObject: {fileID: 0}
  m_PrefabInstance: {fileID: 0}
  m_PrefabAsset: {fileID: 0}
  m_GameObject: {fileID: 8458986155296628067}
  m_Enabled: 1
  m_EditorHideFlags: 0
  m_Script: {fileID: 11500000, guid: 05b5b98ddec37ec4dabcf5c6a8b32104, type: 3}
  m_Name: 
  m_EditorClassIdentifier: 
  customName: Combat
--- !u!114 &8458986155296627995
MonoBehaviour:
  m_ObjectHideFlags: 0
  m_CorrespondingSourceObject: {fileID: 0}
  m_PrefabInstance: {fileID: 0}
  m_PrefabAsset: {fileID: 0}
  m_GameObject: {fileID: 8458986155296628067}
  m_Enabled: 1
  m_EditorHideFlags: 0
  m_Script: {fileID: 11500000, guid: 9aa173613337b9d4c909df49d3ce7ab3, type: 3}
  m_Name: 
  m_EditorClassIdentifier: 
  isAttacker: 1
  arrAttackPoint:
  - {fileID: 8458986154653676573}
  - {fileID: 8458986154911692072}
  arrAttackRange:
  - 1.5
  - 2
  enemyLayers:
    serializedVersion: 2
    m_Bits: 64
  collidersDamaged: []
  _attackIndex: 0
--- !u!114 &8458986155296628068
MonoBehaviour:
  m_ObjectHideFlags: 0
  m_CorrespondingSourceObject: {fileID: 0}
  m_PrefabInstance: {fileID: 0}
  m_PrefabAsset: {fileID: 0}
  m_GameObject: {fileID: 8458986155296628067}
  m_Enabled: 1
  m_EditorHideFlags: 0
  m_Script: {fileID: 11500000, guid: 27ddea54769d1d5468fd347b5a98ee70, type: 3}
  m_Name: 
  m_EditorClassIdentifier: 
  hurtingTime: 0
  healthBar: {fileID: 1219169214036778005}
  materialDeathEffect: {fileID: 2100000, guid: 26bd684a1c87e594da2f480ef17f25b9, type: 2}
  isInvicible: 0
--- !u!114 &8458986155296628069
MonoBehaviour:
  m_ObjectHideFlags: 0
  m_CorrespondingSourceObject: {fileID: 0}
  m_PrefabInstance: {fileID: 0}
  m_PrefabAsset: {fileID: 0}
  m_GameObject: {fileID: 8458986155296628067}
  m_Enabled: 1
  m_EditorHideFlags: 0
  m_Script: {fileID: 11500000, guid: 2a7f37e865beac34fb577115f8af121f, type: 3}
  m_Name: 
  m_EditorClassIdentifier: 
  isGrounded: {fileID: 0}
  groundCheckPoint: {fileID: 8458986154714803447}
  whichIsGrounded:
    serializedVersion: 2
    m_Bits: 8
  canDash: 1
  canDoubleDash: 0
  isDashing: 0
  dashingForce: 20
  startTimeDashEffectSpawns: 0.05
  GODashEffect: {fileID: 8531349683720733759, guid: d1e4b1de1a8912946aed852a54408257, type: 3}
--- !u!114 &8458986155296627999
MonoBehaviour:
  m_ObjectHideFlags: 0
  m_CorrespondingSourceObject: {fileID: 0}
  m_PrefabInstance: {fileID: 0}
  m_PrefabAsset: {fileID: 0}
  m_GameObject: {fileID: 8458986155296628067}
  m_Enabled: 1
  m_EditorHideFlags: 0
  m_Script: {fileID: 11500000, guid: 801814d3fda0d5b4c9c5772bc3b466a5, type: 3}
  m_Name: 
  m_EditorClassIdentifier: 
  GOListItem: {fileID: 8458986155215854400}
--- !u!1001 &8458986156183527726
PrefabInstance:
  m_ObjectHideFlags: 0
  serializedVersion: 2
  m_Modification:
    m_TransformParent: {fileID: 8458986154906094274}
    m_Modifications:
    - target: {fileID: 2165693880072646700, guid: 3356c2bdc60875d469e021394408a6b7, type: 3}
      propertyPath: target
      value: 
      objectReference: {fileID: 8458986155296628065}
    - target: {fileID: 2165693880072646700, guid: 3356c2bdc60875d469e021394408a6b7, type: 3}
      propertyPath: distanceX
      value: 0.3
      objectReference: {fileID: 0}
    - target: {fileID: 2549607877067297399, guid: 3356c2bdc60875d469e021394408a6b7, type: 3}
      propertyPath: m_Name
      value: Heath Bar
      objectReference: {fileID: 0}
    - target: {fileID: 4843344749499893178, guid: 3356c2bdc60875d469e021394408a6b7, type: 3}
      propertyPath: m_PresetInfoIsWorld
      value: 1
      objectReference: {fileID: 0}
    - target: {fileID: 7031706996866332216, guid: 3356c2bdc60875d469e021394408a6b7, type: 3}
      propertyPath: m_Pivot.x
      value: 0.5
      objectReference: {fileID: 0}
    - target: {fileID: 7031706996866332216, guid: 3356c2bdc60875d469e021394408a6b7, type: 3}
      propertyPath: m_Pivot.y
      value: 0.5
      objectReference: {fileID: 0}
    - target: {fileID: 7031706996866332216, guid: 3356c2bdc60875d469e021394408a6b7, type: 3}
      propertyPath: m_RootOrder
      value: 1
      objectReference: {fileID: 0}
    - target: {fileID: 7031706996866332216, guid: 3356c2bdc60875d469e021394408a6b7, type: 3}
      propertyPath: m_AnchorMax.x
      value: 0.5
      objectReference: {fileID: 0}
    - target: {fileID: 7031706996866332216, guid: 3356c2bdc60875d469e021394408a6b7, type: 3}
      propertyPath: m_AnchorMax.y
      value: 0.5
      objectReference: {fileID: 0}
    - target: {fileID: 7031706996866332216, guid: 3356c2bdc60875d469e021394408a6b7, type: 3}
      propertyPath: m_AnchorMin.x
      value: 0.5
      objectReference: {fileID: 0}
    - target: {fileID: 7031706996866332216, guid: 3356c2bdc60875d469e021394408a6b7, type: 3}
      propertyPath: m_AnchorMin.y
      value: 0.5
      objectReference: {fileID: 0}
    - target: {fileID: 7031706996866332216, guid: 3356c2bdc60875d469e021394408a6b7, type: 3}
      propertyPath: m_SizeDelta.x
      value: 100
      objectReference: {fileID: 0}
    - target: {fileID: 7031706996866332216, guid: 3356c2bdc60875d469e021394408a6b7, type: 3}
      propertyPath: m_SizeDelta.y
      value: 100
      objectReference: {fileID: 0}
    - target: {fileID: 7031706996866332216, guid: 3356c2bdc60875d469e021394408a6b7, type: 3}
      propertyPath: m_LocalPosition.x
      value: 0
      objectReference: {fileID: 0}
    - target: {fileID: 7031706996866332216, guid: 3356c2bdc60875d469e021394408a6b7, type: 3}
      propertyPath: m_LocalPosition.y
      value: 0
      objectReference: {fileID: 0}
    - target: {fileID: 7031706996866332216, guid: 3356c2bdc60875d469e021394408a6b7, type: 3}
      propertyPath: m_LocalPosition.z
      value: 0
      objectReference: {fileID: 0}
    - target: {fileID: 7031706996866332216, guid: 3356c2bdc60875d469e021394408a6b7, type: 3}
      propertyPath: m_LocalRotation.w
      value: 1
      objectReference: {fileID: 0}
    - target: {fileID: 7031706996866332216, guid: 3356c2bdc60875d469e021394408a6b7, type: 3}
      propertyPath: m_LocalRotation.x
      value: 0
      objectReference: {fileID: 0}
    - target: {fileID: 7031706996866332216, guid: 3356c2bdc60875d469e021394408a6b7, type: 3}
      propertyPath: m_LocalRotation.y
      value: 0
      objectReference: {fileID: 0}
    - target: {fileID: 7031706996866332216, guid: 3356c2bdc60875d469e021394408a6b7, type: 3}
      propertyPath: m_LocalRotation.z
      value: 0
      objectReference: {fileID: 0}
    - target: {fileID: 7031706996866332216, guid: 3356c2bdc60875d469e021394408a6b7, type: 3}
      propertyPath: m_AnchoredPosition.x
      value: 0.3
      objectReference: {fileID: 0}
    - target: {fileID: 7031706996866332216, guid: 3356c2bdc60875d469e021394408a6b7, type: 3}
      propertyPath: m_AnchoredPosition.y
      value: 2
      objectReference: {fileID: 0}
    - target: {fileID: 7031706996866332216, guid: 3356c2bdc60875d469e021394408a6b7, type: 3}
      propertyPath: m_LocalEulerAnglesHint.x
      value: 0
      objectReference: {fileID: 0}
    - target: {fileID: 7031706996866332216, guid: 3356c2bdc60875d469e021394408a6b7, type: 3}
      propertyPath: m_LocalEulerAnglesHint.y
      value: 0
      objectReference: {fileID: 0}
    - target: {fileID: 7031706996866332216, guid: 3356c2bdc60875d469e021394408a6b7, type: 3}
      propertyPath: m_LocalEulerAnglesHint.z
      value: 0
      objectReference: {fileID: 0}
    - target: {fileID: 7885110281057270390, guid: 3356c2bdc60875d469e021394408a6b7, type: 3}
      propertyPath: m_AnchorMax.x
      value: 0
      objectReference: {fileID: 0}
    - target: {fileID: 7885110281057270390, guid: 3356c2bdc60875d469e021394408a6b7, type: 3}
      propertyPath: m_AnchorMax.y
      value: 0
      objectReference: {fileID: 0}
    - target: {fileID: 8794814242958104155, guid: 3356c2bdc60875d469e021394408a6b7, type: 3}
      propertyPath: m_AdditionalShaderChannelsFlag
      value: 25
      objectReference: {fileID: 0}
    m_RemovedComponents: []
  m_SourcePrefab: {fileID: 100100000, guid: 3356c2bdc60875d469e021394408a6b7, type: 3}
--- !u!114 &1219169214036778005 stripped
MonoBehaviour:
  m_CorrespondingSourceObject: {fileID: 7318068914666421563, guid: 3356c2bdc60875d469e021394408a6b7, type: 3}
  m_PrefabInstance: {fileID: 8458986156183527726}
  m_PrefabAsset: {fileID: 0}
  m_GameObject: {fileID: 0}
  m_Enabled: 1
  m_EditorHideFlags: 0
  m_Script: {fileID: 11500000, guid: abfa49c5f5cbe89429cec35189e258c9, type: 3}
  m_Name: 
  m_EditorClassIdentifier: 
--- !u!224 &1509268092689880854 stripped
RectTransform:
  m_CorrespondingSourceObject: {fileID: 7031706996866332216, guid: 3356c2bdc60875d469e021394408a6b7, type: 3}
  m_PrefabInstance: {fileID: 8458986156183527726}
  m_PrefabAsset: {fileID: 0}
